 Dungeon Crawl Stone Soup version 0.23-a0-636-g0ff6057 (webtiles) character file.

98 Matador8 the Grasshopper (level 4, -1/36 HPs)
             Began as a Draconian Warper on Dec 28, 2018.
             Slain by Grinder (5 damage)
             ... while paralysed by Grinder
             ... on level 3 of the Dungeon.
             The game lasted 00:07:25 (2271 turns).

Matador8 the Grasshopper (Draconian Warper)         Turns: 2271, Time: 00:07:26

Health: -1/36      AC:  5    Str: 14    XL:     4   Next: 44%
Magic:  4/7        EV:  2    Int: 14    God:
Gold:   110        SH:  0    Dex: 10    Spells: 0/7 levels left

rFire    . . .     SeeInvis .   a - +0 falchion
rCold    . . .     Gourm    .   (no shield)
rNeg     . . .     Faith    .   (armour unavailable)
rPois    .         Spirit   .   (helmet restricted)
rElec    .         Reflect  .   (no cloak)
rCorr    .         Harm     .   (no gloves)
MR       .....                  (no boots)
Stlth    +.........             (no amulet)
HPRegen  0.12/turn              (no ring)
MPRegen  0.10/turn              (no ring)

@: paralysed
A: unfitting armour, cold-blooded, AC +5
a: no special abilities


You were on level 3 of the Dungeon.
You were not hungry.

You visited 1 branch of the dungeon, and saw 3 of its levels.

You collected 110 gold pieces.

Inventory:

Hand Weapons
 a - a +0 falchion (weapon)
Missiles
 d - 5 tomahawks of dispersal (quivered)
 m - 5 curare-tipped needles
 n - a throwing net
Jewellery
 g - an uncursed ring of flight {unknown}
 j - an uncursed ring of fire {unknown}
 l - an uncursed amulet of magic regeneration {unknown}
 q - a cursed amulet of inaccuracy {unknown}
Scrolls
 c - a scroll of blinking
 e - a scroll of remove curse {unknown}
 h - a scroll of noise {unknown}
 k - 2 scrolls of identify {unknown}
 o - a scroll of fog {unknown}
Potions
 b - a potion of mutation {unknown}
 p - a potion of resistance {unknown}
 r - a potion of curing {unknown}
Comestibles
 f - 3 rations
 i - 3 chunks of flesh


   Skills:
 - Level 2.1 Fighting
 + Level 3.9 Long Blades
 - Level 0.8 Throwing
 - Level 2.1 Dodging
 - Level 2.0 Spellcasting
 + Level 4.0 Translocations


You couldn't memorise any spells.
You knew the following spells:

 Your Spells              Type           Power        Failure   Level  Hunger
a - Blink                 Tloc           N/A          7%          2    ###....
b - Shroud of Golubria    Chrm/Tloc      #.........   16%         2    ###....
c - Gell's Gravitas       Tloc           ##........   14%         3    ####...

Your spell library contained the following spells:

 Spells                   Type           Power        Failure   Level  Hunger
 Lesser Beckoning         Tloc           ##........   14%         3    ####...
 Teleport Other           Tloc           ##......     14%         3    ####...
 Passage of Golubria      Tloc           N/A          41%         4    #####..


Dungeon Overview and Level Annotations

Branches:
Dungeon (3/15)

Altars:
Uskayaw

Annotations:
D:3 Grinder, Terence


Innate Abilities, Weirdness & Mutations

Your plain brown scales are hard. (AC +5)
You cannot fit into any form of body armour.
You are cold-blooded and may be slowed by cold attacks.


Message History

Grinder gestures at you. You resist with significant effort.
Casting: Shroud of Golubria (safe; 16% risk of failure)
Confirm with . or Enter, or press ? or * to list all spells.
Aiming: Gell's Gravitas (safe; 14% risk of failure)
Press: ? - help, Dir - move target cursor, f - Grinder
Aim: Grinder Gravity reorients around Grinder.
Grinder gestures at you.
You suddenly lose the ability to move!
Grinder hits you!
* * * LOW HITPOINT WARNING * * *
You writhe in agony.
* * * LOW HITPOINT WARNING * * *
Grinder gestures at you.
You barely resist. Grinder hits you.
* * * LOW HITPOINT WARNING * * *
You writhe in agony.
You die...

#.........#### #......
#.##...#### #...... #.##...#
#.^.#.( #.##...# ##.###.
#.##...# #. #. ..##...## # #.
#.###....#### #.!. #.
####..รท.##### .#.#. #.
####@5@..# ###..#... ..
#####.####........ .##
#......@...... ...
###..#........
..@.##############..#.....?..
...)....#..@....<#...........
.).................##........
....#####....................
# #....................


You could see Grinder and Terence.

Vanquished Creatures
  4 adders
  An ooze (D:1)
  A worm (D:3)
  A dart slug (D:1)
  3 orcs
  6 bats
  5 giant cockroaches
  5 hobgoblins
  A quokka (D:3)
  A ball python (D:1)
  4 frilled lizards
  7 goblins
  4 kobolds
  10 rats
53 creatures vanquished.

Notes
Turn   | Place    | Note
-------+----------+-------------------------------------------
     0 | D:1      | Matador8 the Draconian Warper began the quest for the Orb.
     0 | D:1      | Reached XP level 1. HP: 17/17 MP: 3/3
   253 | D:1      | Reached XP level 2. HP: 20/24 MP: 5/5
   258 | D:1      | Learned a level 2 spell: Blink
   261 | D:1      | Learned a level 2 spell: Shroud of Golubria
   935 | D:2      | Reached XP level 3. HP: 24/29 MP: 3/6
  1070 | D:2      | Noticed a +0 hand axe
  1070 | D:2      | Noticed a +0 hand axe
  1072 | D:2      | Found a hide-covered altar of Uskayaw.
  1381 | D:2      | Reached XP level 4. HP: 35/36 MP: 7/7
  1980 | D:3      | Noticed Grinder
  1984 | D:3      | Paralysed by Grinder for 2 turns
  2010 | D:3      | Reached skill level 4 in Translocations
  2089 | D:3      | Noticed Terence
  2190 | D:3      | Learned a level 3 spell: Gell's Gravitas
  2267 | D:3      | Paralysed by Grinder for 6 turns
  2271 | D:3      | Slain by Grinder

Vault maps used:
D:1:      psy_arrival_basics
D:2:      dancing_weapons_uskayaw
D:3:      uniq_grinder, uniq_terence

Skill      XL: |  1  2  3  4 |
---------------+-------------+-----
Long Blades    | 3 |  3.9
Translocations | 4 |  4.0
Fighting       | |  2.1
Throwing       | |  0.8
Dodging        | |  2.1
Spellcasting   | |  2.0

Action                   |  1- 3 |  4- 6 || total
-------------------------+-------+-------++-------
Melee: Falchion          |   112 |    56 ||   168
       Tailslap          |    12 |     4 ||    16
 Cast: Shroud of Golubri |     2 |     2 ||     4
       Gell's Gravitas   |       |     1 ||     1
  Eat: Chunk             |     2 |     3 ||     5
Armor: Skin              |    31 |    30 ||    61
Dodge: Dodged            |    85 |    54 ||   139
       Rpst.: Falchion   |    19 |    16 ||    35

Table legend:
 A = Non-vault XP
 B = Vault XP
 C = Vault XP percentage of total XP
 D = Non-vault monster count
 E = Vault monster count
 F = Vault count percentage of total count
                 A         B        C        D         E       F
            +---------+---------+-------+---------+---------+-------
      Total |     141 |       0 |   0.0 |      53 |       0 |   0.0
            +---------+---------+-------+---------+---------+-------
        D:1 |      36 |       0 |   0.0 |      22 |       0 |   0.0
        D:2 |      70 |       0 |   0.0 |      21 |       0 |   0.0
        D:3 |      35 |       0 |   0.0 |      10 |       0 |   0.0
            +---------+---------+-------+---------+---------+-------
